MWL (24 & UNDER)
EVANSTON ELITISTS @ ERIE JAXX
08/27/2028
 
TOP OF THE 1ST
Evanston Elitists batting - Pitching for Erie Jaxx : LHP Jason Dean
Pitching: LHP Jason Dean
Batting: RHB Alberto Soto 0-0: Ball
1-0: Ground out 6-3 (Groundball, 6)
Batting: SHB Jacob Wilcox 0-0: Ball
1-0: Foul Ball, location: 2F
1-1: Called Strike
1-2: Strikes out looking
Batting: LHB Jean-Sébastien Beaudin 0-0: Ball
1-0: Called Strike
1-1: Called Strike
1-2: Ball
2-2: Ball
3-2: Fly out, F3 (Line Drive, 3L)
Top of the 1st over - 0 run(s), 0 hit(s), 0 error(s), 0 left on base; Evanston 0 - Erie 0
BOTTOM OF THE 1ST
Erie Jaxx batting - Pitching for Evanston Elitists : RHP Nicholas Becker
Pitching: RHP Nicholas Becker
Batting: RHB George Medine 0-0: Ball
1-0: Ball
2-0: Called Strike
2-1: Called Strike
2-2: Ball
3-2: Base on Balls
Batting: SHB José Durango 0-0: Ball
1-0: Foul Ball, location: 2F
1-1: Swinging Strike
1-2: Ball
2-2: Ball
3-2: Foul Ball, location: 2F
3-2: Fly out, F9 (Flyball, 9S)
Batting: RHB Ed Keesee 0-0: Ball
1-0: Called Strike
1-1: Foul Ball, location: 2F
1-2: Strikes out swinging
Batting: SHB Michael Field 0-0: Called Strike
0-1: Ball
1-1: Ball
2-1: Fly out, F7 (Line Drive, 7S)
Bottom of the 1st over - 0 run(s), 0 hit(s), 0 error(s), 1 left on base; Evanston 0 - Erie 0
TOP OF THE 2ND
Evanston Elitists batting - Pitching for Erie Jaxx : LHP Jason Dean
Batting: LHB Javier Mejía 0-0: Called Strike
0-1: Foul Ball, location: 2F
0-2: Foul Ball, location: 2F
0-2: Ball
1-2: Ball
2-2: Reached on error, E6 (Groundball, 6D)
Batting: RHB Jerry Browning 0-0: Ball
1-0: Ball
2-0: Ball
3-0: Base on Balls
Javier Mejía to second
Batting: LHB Alberto Varela 0-0: Ball
1-0: SINGLE (Flyball, 56D)
Javier Mejía to third
Jerry Browning to second
Runner from 3rd tries for Home, SAFE, no throw
Batting: RHB Miguel Toro 0-0: Grounds into double play, 6-4-3 (Groundball, 56)
Jerry Browning to third
Batting: RHB Ron Newcombe 0-0: Ball
1-0: Swinging Strike
1-1: Swinging Strike
1-2: Strikes out looking
Top of the 2nd over - 1 run(s), 1 hit(s), 1 error(s), 1 left on base; Evanston 1 - Erie 0
BOTTOM OF THE 2ND
Erie Jaxx batting - Pitching for Evanston Elitists : RHP Nicholas Becker
Batting: RHB Ángel Serrano 0-0: Foul Ball, location: 2F
0-1: SOLO HOME RUN (Flyball, 7D), Distance : 343 ft
Batting: RHB James Richardson 0-0: Called Strike
0-1: Ball
1-1: Ball
2-1: Ball
3-1: SINGLE (Flyball, 89S)
Batting: RHB Andrés Silva 0-0: Ball
1-0: Called Strike
1-1: Swinging Strike
1-2: Strikes out looking
Batting: RHB Miguel Sánchez 0-0: Fly out, F9 (Flyball, 9)
Batting: RHB Danny Morrison 0-0: Swinging Strike
0-1: Ball
1-1: Called Strike
1-2: Strikes out swinging
Bottom of the 2nd over - 1 run(s), 2 hit(s), 0 error(s), 1 left on base; Evanston 1 - Erie 1
TOP OF THE 3RD
Evanston Elitists batting - Pitching for Erie Jaxx : LHP Jason Dean
Batting: RHB Jorge Calderón 0-0: Ball
1-0: Ball
2-0: Ball
3-0: Called Strike
3-1: Swinging Strike
3-2: Foul Ball, location: 2F
3-2: Base on Balls
Batting: RHB Alberto Soto 0-0: Ball
1-0: Ball
2-0: Called Strike
2-1: Called Strike
2-2: Foul Ball, location: 2F
2-2: Foul Ball, location: 2F
2-2: Ball
3-2: Foul Ball, location: 2F
3-2: Base on Balls
Jorge Calderón to second
Batting: SHB Jacob Wilcox 0-0: Grounds into double play, 4-6-3 (Groundball, 4)
Jorge Calderón to third
Batting: LHB Jean-Sébastien Beaudin 0-0: Called Strike
0-1: Ball
1-1: Foul Ball, location: 2F
1-2: Strikes out swinging
Top of the 3rd over - 0 run(s), 0 hit(s), 0 error(s), 1 left on base; Evanston 1 - Erie 1
BOTTOM OF THE 3RD
Erie Jaxx batting - Pitching for Evanston Elitists : RHP Nicholas Becker
Batting: RHB George Medine 0-0: Called Strike
0-1: Swinging Strike
0-2: Foul Ball, location: 2F
0-2: Foul Ball, location: 2F
0-2: Strikes out swinging
Batting: SHB José Durango 0-0: Swinging Strike
0-1: Ball
1-1: Ball
2-1: SINGLE (Groundball, 34D)
Batting: RHB Ed Keesee 0-0: Called Strike
0-1: Reached on error, E1 (Groundball, 15S)
José Durango to second
Batting: SHB Michael Field 0-0: Reached on error, E1 (Groundball, 15)
José Durango to third
Ed Keesee to second
Batting: RHB Ángel Serrano 0-0: Ball
1-0: Called Strike
1-1: Ball
2-1: SINGLE (Groundball, 34D)
José Durango scores
Ed Keesee to third
Michael Field to second
Runner from 3rd tries for Home, SAFE, no throw
Batting: RHB James Richardson 0-0: Swinging Strike
0-1: Foul Ball, location: 2F
0-2: Strikes out looking
Batting: RHB Andrés Silva 0-0: Called Strike
0-1: Foul Ball, location: 2F
0-2: Ball
1-2: Ball
2-2: Foul Ball, location: 2F
2-2: Foul Ball, location: 2F
2-2: Fly out, F9 (Flyball, 9LMF)
Bottom of the 3rd over - 2 run(s), 2 hit(s), 2 error(s), 2 left on base; Evanston 1 - Erie 3
TOP OF THE 4TH
Evanston Elitists batting - Pitching for Erie Jaxx : LHP Jason Dean
Batting: LHB Javier Mejía 0-0: Called Strike
0-1: Foul Ball, location: 2F
0-2: Ball
1-2: Ball
2-2: Ball
3-2: Base on Balls
Batting: RHB Jerry Browning 0-0: Ball
1-0: Ball
2-0: Called Strike
2-1: Ball
Wild Pitch!
Javier Mejía to second
3-1: Foul Ball, location: 2F
3-2: Base on Balls
Batting: LHB Alberto Varela 0-0: Ball
Wild Pitch!
Javier Mejía to third
Jerry Browning to second
1-0: DOUBLE (Line Drive, 7LS)
Javier Mejía scores
Jerry Browning scores
Batting: RHB Miguel Toro 0-0: Ball
1-0: 2-RUN HOME RUN (Line Drive, 7D), Distance : 364 ft
Batting: RHB Ron Newcombe 0-0: Ball
1-0: Ball
2-0: Ball
3-0: Base on Balls
Batting: RHB Jorge Calderón 0-0: Ball
1-0: SINGLE (Flyball, 3D)
Ron Newcombe to second
Runner from 2nd tries for 3rd, SAFE, throw made to third
Batting: RHB Alberto Soto 0-0: Ball
Jorge Calderón steals 2nd base
1-0: Called Strike
1-1: Called Strike
1-2: 3-RUN HOME RUN (Flyball, 8LXD), Distance : 422 ft
Pitching: RHP Carl Curry
Batting: SHB Jacob Wilcox 0-0: Ball
1-0: Foul Ball, location: 2F
1-1: SINGLE (Line Drive, 6D)
Batting: LHB Jean-Sébastien Beaudin 0-0: Called Strike
0-1: Called Strike
Jacob Wilcox steals 2nd base
0-2: Ball
1-2: Foul Ball, location: 2F
1-2: Ball
2-2: Foul Ball, location: 2F
2-2: Ball
3-2: Base on Balls
Batting: LHB Javier Mejía 0-0: Ball
1-0: Called Strike
1-1: Ball
2-1: Foul Ball, location: 2F
2-2: Strikes out swinging
Batting: RHB Jerry Browning 0-0: Ball
1-0: Called Strike
1-1: Swinging Strike
1-2: Strikes out swinging
Batting: LHB Alberto Varela 0-0: Ball
1-0: Ball
2-0: Ball
3-0: Called Strike
3-1: Swinging Strike
3-2: Base on Balls
Jacob Wilcox to third
Jean-Sébastien Beaudin to second
Batting: RHB Miguel Toro 0-0: Called Strike
0-1: Fielders Choice at 2nd, 6-4 (Groundball, 6)
Top of the 4th over - 7 run(s), 5 hit(s), 0 error(s), 2 left on base; Evanston 8 - Erie 3
BOTTOM OF THE 4TH
Erie Jaxx batting - Pitching for Evanston Elitists : RHP Nicholas Becker
Batting: RHB Miguel Sánchez 0-0: Called Strike
0-1: Called Strike
0-2: Strikes out looking
Batting: RHB Danny Morrison 0-0: Called Strike
0-1: Ball
1-1: Ball
2-1: Ground out 6-3 (Groundball, 6)
Batting: RHB George Medine 0-0: Swinging Strike
0-1: SINGLE (Groundball, 56D)
Batting: SHB José Durango 0-0: Ball
1-0: Ball
2-0: Ball
3-0: Base on Balls
George Medine to second
Batting: RHB Ed Keesee 0-0: Called Strike
0-1: Ball
1-1: Swinging Strike
1-2: Strikes out swinging
Bottom of the 4th over - 0 run(s), 1 hit(s), 0 error(s), 2 left on base; Evanston 8 - Erie 3
TOP OF THE 5TH
Evanston Elitists batting - Pitching for Erie Jaxx : RHP Carl Curry
Batting: RHB Ron Newcombe 0-0: Called Strike
0-1: Ball
1-1: Ball
2-1: Swinging Strike
2-2: Strikes out swinging
Batting: RHB Jorge Calderón 0-0: SINGLE (Groundball, 3D)
Batting: RHB Alberto Soto 0-0: 2-RUN HOME RUN (Flyball, 8LXD), Distance : 434 ft
Batting: SHB Jacob Wilcox 0-0: Ball
1-0: DOUBLE (Groundball, 5L)
Batting: LHB Jean-Sébastien Beaudin 0-0: Foul Ball, location: 2F
0-1: Ball
1-1: Swinging Strike
1-2: Foul Ball, location: 2F
1-2: Ball
2-2: Ball
3-2: Foul Ball, location: 2F
3-2: Foul Ball, location: 2F
3-2: Strikes out swinging
Batting: LHB Javier Mejía 0-0: Swinging Strike
0-1: Foul Ball, location: 2F
0-2: Foul Ball, location: 2F
0-2: Ball
1-2: Strikes out looking
Top of the 5th over - 2 run(s), 3 hit(s), 0 error(s), 1 left on base; Evanston 10 - Erie 3
BOTTOM OF THE 5TH
Erie Jaxx batting - Pitching for Evanston Elitists : RHP Nicholas Becker
Batting: SHB Michael Field 0-0: Swinging Strike
0-1: Foul Ball, location: 2F
0-2: SINGLE (Line Drive, 8RM)
Batting: RHB Ángel Serrano 0-0: Ball
1-0: Ball
2-0: Called Strike
2-1: Swinging Strike
2-2: Ball
3-2: Fly out, F7 (Flyball, 78S)
Pitching: LHP Wilson Ramos
Batting: RHB James Richardson 0-0: Called Strike
0-1: Foul Ball, location: 2F
0-2: Strikes out swinging
Batting: RHB Andrés Silva 0-0: Ball
1-0: Ball
2-0: Fly out, F9 (Flyball, 9LS)
Bottom of the 5th over - 0 run(s), 1 hit(s), 0 error(s), 1 left on base; Evanston 10 - Erie 3
TOP OF THE 6TH
Evanston Elitists batting - Pitching for Erie Jaxx : RHP Carl Curry
Batting: RHB Jerry Browning 0-0: Ball
1-0: Swinging Strike
1-1: Fly out, F9 (Flyball, 89M)
Batting: LHB Alberto Varela 0-0: Ball
1-0: Ball
2-0: Ball
3-0: Base on Balls
Batting: RHB Miguel Toro 0-0: Foul Ball, location: 2F
0-1: Ball
1-1: Ball
2-1: SINGLE (Groundball, 6) (infield hit)
Alberto Varela to second
Batting: RHB Ron Newcombe 0-0: Ball
1-0: Called Strike
1-1: Foul Ball, location: 2F
1-2: Strikes out swinging
Batting: RHB Jorge Calderón 0-0: Called Strike
Alberto Varela is caught stealing 3rd base
Top of the 6th over - 0 run(s), 1 hit(s), 0 error(s), 0 left on base; Evanston 10 - Erie 3
BOTTOM OF THE 6TH
Erie Jaxx batting - Pitching for Evanston Elitists : LHP Wilson Ramos
Batting: RHB Miguel Sánchez 0-0: Swinging Strike
0-1: Swinging Strike
0-2: Ball
1-2: Strikes out swinging
Batting: RHB Danny Morrison 0-0: Foul Ball, location: 2F
0-1: Ball
1-1: DOUBLE (Line Drive, 7LM)
Batting: RHB George Medine 0-0: Ball
1-0: Called Strike
1-1: Called Strike
1-2: Strikes out swinging
Batting: SHB José Durango 0-0: Ball
1-0: Ball
2-0: Ball
3-0: Base on Balls
Batting: RHB Ed Keesee 0-0: Called Strike
0-1: Ball
1-1: Ball
2-1: Swinging Strike
2-2: Ball
3-2: SINGLE (Line Drive, 34)
Danny Morrison to third
José Durango to second
Danny Morrison scores
José Durango to third
Batting: SHB Michael Field 0-0: Ball
1-0: Foul Ball, location: 2F
1-1: Ball
2-1: Ball
3-1: Fly out, F7 (Flyball, 78M)
Bottom of the 6th over - 1 run(s), 2 hit(s), 0 error(s), 2 left on base; Evanston 10 - Erie 4
TOP OF THE 7TH
Evanston Elitists batting - Pitching for Erie Jaxx : RHP Carl Curry
Batting: RHB Jorge Calderón 0-0: Ball
1-0: Called Strike
1-1: Ball
2-1: Ground out 5-3 (Groundball, 56S)
Batting: RHB Alberto Soto 0-0: Ball
1-0: Ball
2-0: Called Strike
2-1: Ball
3-1: Base on Balls
Batting: SHB Jacob Wilcox 0-0: Called Strike
0-1: Ball
1-1: Ball
2-1: SINGLE (Groundball, 56S) (infield hit)
Alberto Soto to second
Batting: LHB Jean-Sébastien Beaudin 0-0: Swinging Strike
0-1: Grounds into double play, 5-4-3 (Groundball, 56)
Top of the 7th over - 0 run(s), 1 hit(s), 0 error(s), 1 left on base; Evanston 10 - Erie 4
BOTTOM OF THE 7TH
Erie Jaxx batting - Pitching for Evanston Elitists : LHP Wilson Ramos
Batting: RHB Ángel Serrano 0-0: Called Strike
0-1: Ball
1-1: Swinging Strike
1-2: Strikes out swinging
Batting: RHB James Richardson 0-0: Ball
1-0: Ball
2-0: Foul Ball, location: 2F
2-1: Ball
3-1: Foul Ball, location: 2F
3-2: Ground out 6-3 (Groundball, 6)
Batting: RHB Andrés Silva 0-0: Ball
1-0: Ball
2-0: Ball
3-0: Called Strike
3-1: Foul Ball, location: 2F
3-2: Strikes out swinging
Bottom of the 7th over - 0 run(s), 0 hit(s), 0 error(s), 0 left on base; Evanston 10 - Erie 4
TOP OF THE 8TH
Evanston Elitists batting - Pitching for Erie Jaxx : RHP Carl Curry
Batting: LHB Javier Mejía 0-0: Foul Ball, location: 2F
0-1: Ball
1-1: Ground out 5-3 (Groundball, 56S)
Pitching: RHP Jorge Ríos
Batting: RHB Jerry Browning 0-0: Ball
1-0: Foul Ball, location: 2F
1-1: Foul Ball, location: 2F
1-2: Foul Ball, location: 2F
1-2: Strikes out swinging
Batting: LHB Alberto Varela 0-0: Ball
1-0: Ball
2-0: Swinging Strike
2-1: Ball
3-1: Base on Balls
Batting: RHB Miguel Toro 0-0: Ball
1-0: Ball
2-0: Ball
3-0: Base on Balls
Alberto Varela to second
Batting: RHB Ron Newcombe 0-0: Ball
1-0: Ball
2-0: Swinging Strike
2-1: Foul Ball, location: 2F
2-2: Foul Ball, location: 2F
2-2: Ball
3-2: Strikes out swinging
Top of the 8th over - 0 run(s), 0 hit(s), 0 error(s), 2 left on base; Evanston 10 - Erie 4
BOTTOM OF THE 8TH
Erie Jaxx batting - Pitching for Evanston Elitists : LHP Wilson Ramos
Batting: RHB Miguel Sánchez 0-0: Called Strike
0-1: Ball
1-1: Swinging Strike
1-2: Hit by Pitch
Batting: RHB Danny Morrison 0-0: Ball
1-0: Ball
2-0: Foul Ball, location: 2F
2-1: Ball
3-1: Base on Balls
Miguel Sánchez to second
Batting: RHB George Medine 0-0: Ball
1-0: Called Strike
1-1: Foul Ball, location: 2F
1-2: Ball
2-2: Foul Ball, location: 2F
2-2: Strikes out looking
Batting: SHB José Durango 0-0: Called Strike
0-1: Foul Ball, location: 2F
0-2: Ball
1-2: Foul Ball, location: 2F
1-2: SINGLE (Groundball, 4D)
Miguel Sánchez to third
Danny Morrison to second
Batting: RHB Ed Keesee 0-0: Ball
1-0: Grounds into double play, 6-4-3 (Groundball, 6)
Bottom of the 8th over - 0 run(s), 1 hit(s), 0 error(s), 2 left on base; Evanston 10 - Erie 4
TOP OF THE 9TH
Evanston Elitists batting - Pitching for Erie Jaxx : RHP Jorge Ríos
Batting: RHB Jorge Calderón 0-0: Foul Ball, location: 2F
0-1: Ball
1-1: Foul Ball, location: 2F
1-2: Strikes out looking
Batting: RHB Alberto Soto 0-0: Ball
1-0: Called Strike
1-1: Ball
2-1: Ball
3-1: Base on Balls
Batting: SHB Jacob Wilcox 0-0: Ball
1-0: Called Strike
Alberto Soto steals 2nd base
1-1: Swinging Strike
1-2: Ball
2-2: Foul Ball, location: 2F
2-2: Strikes out swinging
Batting: LHB Jean-Sébastien Beaudin 0-0: Called Strike
0-1: Swinging Strike
0-2: Strikes out looking
Top of the 9th over - 0 run(s), 0 hit(s), 0 error(s), 1 left on base; Evanston 10 - Erie 4
BOTTOM OF THE 9TH
Erie Jaxx batting - Pitching for Evanston Elitists : LHP Wilson Ramos
Batting: SHB Michael Field 0-0: Called Strike
0-1: Ball
1-1: Swinging Strike
1-2: Ball
2-2: Fly out, F4 (Popup, 4)
Batting: RHB Ángel Serrano 0-0: Foul Ball, location: 2F
0-1: Ball
1-1: Called Strike
1-2: Strikes out looking
Batting: RHB James Richardson 0-0: Ball
1-0: Ball
2-0: Reached on error, E4 (Groundball, 4)
Batting: RHB Andrés Silva 0-0: Ball
1-0: Fielders Choice at 2nd, 6-4 (Groundball, 6)
Bottom of the 9th over - 0 run(s), 0 hit(s), 1 error(s), 0 left on base; Evanston 10 - Erie 4
Tuesday, August 8th, 2017 - OOTP Baseball 17.12 Build 75